 Dungeon Crawl Stone Soup version 0.31.0-32-g396128a36d (webtiles) character file.

Game seed: 14633847210630875445

207 monsoonserge the Ruffian (level 5, -2/36 HPs)
             Began as an Octopode Shapeshifter on Apr 9, 2024.
             Killed from afar by an orc wizard (3 damage)
             ... with a magic dart
             ... on level 3 of the Dungeon.
             The game lasted 00:04:14 (1755 turns).

monsoonserge the Ruffian (Octopode Shapeshifter)    Turns: 1755, Time: 00:04:15

Health: -2/36      AC:  1    Str: 15    XL:     5   Next: 85%
Magic:  5/5        EV: 13    Int: 13    God:
Gold:   132        SH:  0    Dex: 11    Spells: 4/4 levels left

rFire   . .          .
                       - Unarmed
rCold   . . .        (no shield)
rNeg    . . .        (helmet currently unavailable)
rPois   .            (no amulet)
rElec   .            (no ring)
rCorr   .            (no ring)
SInv    .            (no ring)
Will    .....        (no ring)
Stlth   +++          (no ring)
HPRegen 0.26/turn    (no ring)
MPRegen 0.09/turn    (no ring)
                     (no ring)

%: no passive effects
@: beast-form
A: beast (slay +2), almost no armour, amphibious, 8 rings, camouflage 1,
gelatinous body 1, (nimble swimmer 1), tentacles
a: Begin Untransformation


You were on level 3 of the Dungeon.
You were a hulking beast.
You visited 1 branch of the dungeon, and saw 3 of its levels.

You collected 132 gold pieces.

Inventory:

Missiles
 f - 3 darts of dispersal
 h - 9 poisoned darts (quivered)
Jewellery
 r - a ring of protection from fire
Talismans
 b - a beast talisman
 c - a flux talisman
 i - a serpent talisman
Wands
 q - a wand of charming (14)
Scrolls
 e - a scroll of teleportation {unknown}
 g - a scroll of revelation {unknown}
 j - a scroll of identify {unknown}
 m - a scroll of poison {unknown}
 n - a scroll of enchant weapon {unknown}
Potions
 a - a potion of lignification
 d - 3 potions of curing {unknown}
 k - 2 potions of heal wounds {unknown}
 l - a potion of brilliance {unknown}
 o - 2 potions of invisibility {unknown}
 p - a potion of degeneration {unknown}


   Skills:
 - Level 3.0 Fighting
 - Level 3.0 Dodging
 - Level 2.0 Stealth
 * Level 4.1 Unarmed Combat
 + Level 1.2 Evocations
 - Level 3.5 Shapeshifting


You had 4 spell levels left.
You didn't know any spells.
Your spell library contained the following spells:

 Spells                   Type           Power      Damage    Failure   Level
 Apportation              Tloc           0%         N/A       30%         1
 Jinxbite                 Hex            0%         N/A       43%         2
 Lesser Beckoning         Tloc           0%         N/A       43%         2
 Gell's Gravitas          Tloc           0%         N/A       67%         3
 Teleport Other           Tloc           0%         N/A       67%         3
 Alistair's Intoxication  Alch           0%         N/A       100%        5


Dungeon Overview and Level Annotations

Branches:
Dungeon (2/15)

Altars:


Innate Abilities, Weirdness & Mutations

You are a hulking beast.
Your limbs bulge with bestial killing power. (Slay +2)
You cannot wear most types of armour.
You are amphibious.
You can wear up to eight rings at the same time.
Your skin changes colour to match your surroundings (Stealth+).
Your rubbery body absorbs attacks. (AC +1, EV +1)
((You are camouflaged when in or above water. (Stealth+)))
You have tentacles for arms and can constrict up to eight enemies at once.


Message History

You tentacle-slap the orc. Your grab misses the orc.
Your squeeze misses the orc.
The orc is moderately wounded.
You tentacle-slap the orc. You grab the orc. You squeeze the orc.
You kill the orc!
An orc wizard comes into view.
It is wielding a +0 dagger of protection.
Items here: $ ))) [ ††.
You barely miss the orc.
The orc wizard shouts!
You grab the orc. You constrict the orc. The orc hits you with a +0 club.
* * * LOW HITPOINT WARNING * * *
You tentacle-slap the orc.
You kill the orc!
You tentacle-slap the orc. Your grab misses the orc.
The orc is almost dead.
The orc barely misses you.
You tentacle-slap the orc but do no damage.
Your grab misses the orc. Your squeeze misses the orc.
The orc is severely wounded.
The orc barely misses you.
You closely miss the orc. You grab the orc.
The orc is severely wounded.
You constrict the orc. The orc misses you.
You tentacle-slap the orc.
You kill the orc!
You tentacle-slap the orc wizard but do no damage.
Your grab misses the orc wizard. Your squeeze misses the orc wizard.
The orc wizard points at you and mumbles some strange words.
The magic dart hits you!
* * * LOW HITPOINT WARNING * * *
You tentacle-slap the orc wizard. Your grab misses the orc wizard.
The orc wizard is moderately wounded.
The orc wizard casts a spell.
The orc wizard flickers and vanishes!
Deactivating autopickup; reactivate with Ctrl-A.
You bludgeon something! Your squeeze misses something.
You hear some strange, mumbled words.
A magic dart appears from out of thin air!
The magic dart hits you.
You die...

............#
#.....#.#.#.# #
#......#.#.#.# ##
#.....#.#.#.## .P. PP
#..$...#$#.#.#
#####PP##.....#.#.#.##
....#PP.###....#.#.#.#
....#######...#.#.#.##
.......)h{)....#.#.#.#
....#######...#.#.#..#
....#...# #....#.#.o..
#####..## #...#.#.#o..
....... #....#.#.S.
.Pb.P.# #...#.#.#.
.P..## ..##.#.#. ###
## #.#.


There were no monsters in sight!

Vanquished Creatures
  Jessica (D:2)
  Terence (D:2)
  Natasha (D:2)
  2 orc wizards (D:3)
  3 adders
  2 ribbon worms (D:2)
  A dart slug (D:1)
  3 orcs (D:3)
  6 endoplasms
  2 giant cockroaches (D:1)
  5 hobgoblins
  3 quokkas
  A ball python (D:2)
  3 bats
  4 frilled lizards
  2 goblins (D:1)
  6 kobolds
  5 rats
51 creatures vanquished.

Notes
Turn   | Place    | Note
-------+----------+-------------------------------------------
     0 | D:1      | monsoonserge the Octopode Shapeshifter began the quest for
                  | the Orb.
     0 | D:1      | Reached XP level 1. HP: 13/13 MP: 1/1
   186 | D:1      | Reached XP level 2. HP: 17/18 MP: 2/2
   400 | D:1      | Reached skill level 1 in Stealth
   738 | D:2      | Reached XP level 3. HP: 23/23 MP: 3/3
   941 | D:2      | Noticed Terence
   947 | D:2      | Killed Terence
   948 | D:2      | Reached XP level 4. HP: 16/29 MP: 4/4
  1198 | D:2      | Noticed Jessica
  1221 | D:2      | Killed Jessica
  1568 | D:2      | Noticed Natasha
  1576 | D:2      | Killed Natasha
  1577 | D:2      | Reached XP level 5. HP: 15/36 MP: 5/5
  1699 | D:2      | You fall into a shaft and drop 1 floor!
  1743 | D:3      | Reached skill level 4 in Unarmed Combat
  1743 | D:3      | Reached skill level 1 in Evocations
  1753 | D:3      | HP: 1/36 [orc wizard/magic dart (8)]
  1755 | D:3      | Killed from afar by an orc wizard

Illustrated notes

Levels and vault maps discovered:
D:1:      dpeg_arrival_tiny_c, layout_basic
D:2:      minmay_skewed_foursquare, layout_basic, uniq_natasha, uniq_terence,
          uniq_jessica
D:3:      layout_basic, mainiacjoe_overflow_alcove_2, serial_aquarium,
          aquarium_bridge_island_small [aquarium_subvault_small_open,
          aquarium_subvault_wall, aquarium_subvault_bridge,
          aquarium_subvault_balcony, aquarium_subvault_balcony],
          aquarium_bridge_square [aquarium_subvault_bridge,
          aquarium_subvault_bridge, aquarium_subvault_wall,
          aquarium_subvault_bridge], aquarium_window_1, aquarium_window_fake,
          aquarium_view_2d, aquarium_view_4,
          shapermc_ecumenical_altar_mp_urbaneastern

Skill      XL: |  1  2  3  4  5 |
---------------+----------------+-----
Stealth        | 1 2 |  2.0
Fighting       | 2 3 |  3.0
Dodging        | 3 |  3.0
Unarmed Combat | 4 |  4.1
Evocations     | 1 |  1.2
Shapeshifting  | |  3.5

Action                     |  1- 3 |  4- 6 || total
---------------------------+-------+-------++-------
  Melee: Unarmed           |    63 |    45 ||   108
         Constrict         |    16 |    10 ||    26
         Tentacles         |    12 |     8 ||    20
   Stab: Sleeping          |     4 |       ||     4
 Armour: Skin              |    14 |    22 ||    36
  Dodge: Dodged            |    29 |    16 ||    45
